 Dungeon Crawl Stone Soup version 0.19-a0-1320-g0178847 (webtiles) character file.

404 Amnesiac the Ruffian (level 6, 0/93 HPs)
             Began as a Troll Berserker on Aug 31, 2016.
             Was a Believer of Trog.
             Succumbed to a killer bee's poison
             ... on level 8 of the Dungeon on Sept 1, 2016.
             The game lasted 00:01:48 (519 turns).

Amnesiac the Ruffian (Troll Berserker)               Turns: 519, Time: 00:01:49

Health: 0/93       AC:  5    Str: 31    XL:     6   Next: 56%
Magic:  5/5        EV: 11    Int:  3    God:    Trog [**....]
Gold:   73         SH:  0    Dex: 11    Spells: 0 memorised, 5 levels left

rFire  . . .     SeeInvis .       - Unarmed
rCold  . . .     Gourm    +     a - +0 animal skin
rNeg   . . .     Faith    .     (no shield)
rPois  .         Spirit   .     (helmet restricted)
rElec  .         Dismiss  .     (no cloak)
rCorr  .         Reflect  .     (gloves unavailable)
MR     .....     Harm     .     (boots unavailable)
Stlth  ..........               (no amulet)
                                (no ring)
                                (no ring)

@: berserking (expiring), lethally poisoned (0 -> -15), very quick
A: unfitting armour, claws 3, fast metabolism 3, gourmand, regeneration 1,
shaggy fur 1, tough skin 2
a: Berserk, Trog's Hand, Burn Spellbooks, Renounce Religion


You were on level 8 of the Dungeon.
You worshipped Trog.
Trog was pleased with you.
You were very full.

You visited 1 branch of the dungeon, and saw 8 of its levels.

You collected 73 gold pieces.

Inventory:

Armour
 a - a +0 animal skin (worn)
Scrolls
 d - a scroll of blinking {unknown}
 e - a scroll of recharging {unknown}
Potions
 g - a potion of flight {unknown}
 h - a potion of curing {unknown}
Comestibles
 b - 4 bread rations
 c - 4 chunks of flesh
 f - a meat ration


   Skills:
 + Level 3.6 Fighting
 + Level 3.8 Dodging
 * Level 5.6 Unarmed Combat


You had 5 spell levels left.
You didn't know any spells.

Dungeon Overview and Level Annotations

Branches:
Dungeon (8/15)
 Temple: D:4-7         Lair: D:8-11

Altars:

Annotations:
D:8 Erica


Innate Abilities, Weirdness & Mutations

You are too large for most types of armour.
You have claws for hands.
Your metabolism is lightning-fast.
You like to eat raw meat.
Your natural rate of healing is unusually fast.
You are covered in fur. (AC +1)
You have very tough skin. (AC +2)


Message History

You mangle the killer bee!!
You kill the killer bee!
Trog accepts your kill.
* * * LOW HITPOINT WARNING * * *
You feel sick. The centaur barely misses you. The killer bee stings you.
* * * LOW HITPOINT WARNING * * *
Unknown command.
You closely miss the centaur.
* * * LOW HITPOINT WARNING * * *
You feel sick. The centaur closely misses you.
The killer bee barely misses you.
Unknown command.
You barely miss the centaur.
* * * LOW HITPOINT WARNING * * *
You feel sick. The killer bee closely misses you.
The centaur hits you but does no damage.
Unknown command.
You scratch the centaur.
The centaur is moderately wounded.
You die...

## .## ####
#.. ..# ..
.#. #.# .#
.....##†##.#
.....Oy@(<.#
.###.@c....#
#.#####.# #
.# .# .# .#
.#


You could see Erica, an ogre, a centaur and a killer bee.

Vanquished Creatures
  An ogre (D:6)
  3 killer bees (D:8)
  A jelly (D:5)
  An orc wizard (D:5)
  2 orc priests
  A worker ant (D:6)
  A worker ant zombie (D:6)
  An adder (D:6)
  An ooze (D:1)
  A giant gecko (D:3)
  6 orcs
  A ball python (D:2)
  4 bats
  A giant cockroach (D:4)
  3 hobgoblins
  A kobold (D:1)
  2 giant newts
  A rat (D:3)
32 creatures vanquished.

Notes
Turn   | Place    | Note
-------+----------+-------------------------------------------
     0 | D:1      | Amnesiac the Troll Berserker began the quest for the Orb.
     0 | D:1      | Reached XP level 1. HP: 22/22 MP: 0/0
    34 | D:1      | Reached XP level 2. HP: 27/29 MP: 1/1
   168 | D:5      | Entered Level 5 of the Dungeon
   190 | D:5      | Reached XP level 3. HP: 36/36 MP: 2/2
   194 | D:5      | Reached skill level 4 in Unarmed Combat
   194 | D:5      | Reached XP level 4. HP: 45/45 MP: 3/3
   244 | D:6      | Reached XP level 5. HP: 48/53 MP: 4/4
   254 | D:6      | Noticed an ogre
   261 | D:6      | Killed an ogre
   303 | D:6      | Reached skill level 5 in Unarmed Combat
   304 | D:6      | Reached ** piety under Trog
   404 | D:6      | Reached XP level 6. HP: 53/61 MP: 5/5
   430 | D:6      | Noticed an ice beast
   504 | D:8      | Noticed Erica
   516 | D:8      | HP: 4/93 [killer bee (3)]
   519 | D:8      | Succumbed to a killer bee's poison

Vault maps used:
D:1:      roderic_dead_forest, st_stairs_5
D:2:      nicolae_overflow_crystal_walls, overflow_temple_1_default,
          minmay_gold_behind_fungi, cheibriados_altar_1, uniq_natasha
D:3:      minmay_cut_off
D:4:      roderic_chinese_pattern_swastika
D:5:      overflow_temple_1_default, first_bread
D:7:      lemuel_upstairs_altar, serial_shops, shop
D:8:      gammafunk_temple_overflow_pools, basic_altar, uniq_maurice, uniq_erica

Skill      XL: |  1  2  3  4  5 |
---------------+----------------+-----
Fighting       | 3 |  3.6
Dodging        | 3 |  3.8
Unarmed Combat | 4 5 |  5.6

Action                   |  1- 3 |  4- 6 || total
-------------------------+-------+-------++-------
Melee: Unarmed           |    40 |    53 ||    93
       Punch             |     1 |     2 ||     3
Invok: Berserk           |     1 |     2 ||     3
  Eat: Chunk             |     7 |     5 ||    12
Armor: Animal skin       |    20 |    12 ||    32
Dodge: Dodged            |    39 |    40 ||    79
